 Dungeon Crawl Stone Soup version 0.27-a0-887-gcab673c142 (webtiles) character file.

Game seed: 16261719471959641906

8298 sizableburger the Geomancer (level 11, -2/60 HPs)
             Began as a Deep Elf Earth Elementalist on Apr 4, 2021.
             Was a Follower of Sif Muna.
             Slain by a boulder beetle (20 damage)
             ... on level 10 of the Dungeon on Apr 5, 2021.
             The game lasted 00:35:09 (12016 turns).

sizableburger the Geomancer (DEEE)                 Turns: 12016, Time: 00:35:10

Health: -2/60      AC:  7    Str:  5    XL:     11   Next: 8%
Magic:  28/32      EV: 14    Int: 24    God:    Sif Muna [*.....]
Gold:   1578       SH:  5    Dex: 15    Spells: 5/24 levels left

rFire    . . .     SeeInvis .   j - +2 dagger (protect)
rCold    . . .     Faith    .   (no shield)
rNeg     . . .     Spirit   .   G - +1 steam dragon scales
rPois    .         Reflect  +   (no helmet)
rElec    .         Harm     .   s - scarf {+Inv}
rCorr    .         Rampage  .   m - +0 pair of gloves
Will     +....                  (no boots)
Stlth    +++.......             n - amulet of reflection
HPRegen  0.20/turn              h - ring of magical power
MPRegen  0.23/turn              y - ring of wizardry

@: no status effects
A: no striking features
a: Renounce Religion, Evoke Invisibility, Channel Magic


You were on level 10 of the Dungeon.
You worshipped Sif Muna.
Sif Muna was aware of your devotion.
You visited 1 branch of the dungeon, and saw 12 of its levels.

You collected 1578 gold pieces.

Inventory:

Hand Weapons
 j - a +2 dagger of protection (weapon)
Missiles
 b - 238 stones
 l - 4 atropa-tipped darts
 p - a throwing net
Armour
 m - a +0 pair of gloves (worn)
 s - a scarf of invisibility (worn)
 G - +1 steam dragon scales (worn)
Jewellery
 c - a ring of see invisible
 h - a ring of magical power (left hand)
 n - an amulet of reflection (around neck)
 w - an amulet of the acrobat
 y - a ring of wizardry (right hand)
Wands
 f - a wand of iceblast (5)
 o - a wand of charming (7)
 z - a wand of paralysis (2)
 E - a wand of random effects (46)
Scrolls
 d - 2 scrolls of immolation
 k - a scroll of fog
 t - 3 scrolls of noise
 v - 2 scrolls of teleportation
Potions
 a - a potion of berserk rage
 e - 2 potions of resistance
 g - 7 potions of curing
 i - 3 potions of attraction
 q - 3 potions of mutation
 r - a potion of flight {unknown}
 x - 2 potions of degeneration {unknown}
 A - a potion of heal wounds
 C - a potion of might


   Skills:
 - Level 3.3 Fighting
 + Level 0.3 Short Blades
 - Level 5.5 Dodging
 - Level 6.0 Stealth
 - Level 7.2 Spellcasting
 - Level 7.0 Conjurations
 + Level 5.4 Translocations
 - Level 6.1 Transmutations
 + Level 8.6 Earth Magic
 + Level 4.1 Invocations
 - Level 7.5 Evocations


You had 5 spell levels left.
You knew the following spells:

 Your Spells              Type           Power      Damage    Failure   Level
a - Sandblast             Erth           100%       2d20      1%          1
b - Passwall              Tmut/Erth      36%        N/A       1%          2
c - Stone Arrow           Conj/Erth      92%        3d12      1%          3
e - Lee's Rapid Deconstr  Erth           25%        3d15*     2%          5
f - Petrify               Tmut/Erth      44%        N/A       1%          4
g - Iskenderun's Mystic   Conj/Tloc      38%        2d9       2%          4

Your spell library contained the following spells:

 Spells                   Type           Power      Damage    Failure   Level
 Beastly Appendage        Tmut           76%        N/A       1%          1
 Foxfire                  Conj/Fire      100%       2x1d9     1%          1
 Magic Dart               Conj           100%       1d8       1%          1
 Shock                    Conj/Air       100%       1d9       1%          1
 Searing Ray              Conj           84%        3d6       1%          2
 Conjure Flame            Conj/Fire      25%        6-21      1%          3
 Dazzling Flash           Conj/Hex       50%        N/A       1%          3
 Static Discharge         Conj/Air       25%        N/A       1%          3
 Corona                   Hex            8%         N/A       2%          1
 Summon Small Mammal      Summ           32%        N/A       2%          1
 Mephitic Cloud           Conj/Pois/Air  19%        N/A       3%          3
 Ensorcelled Hibernation  Hex/Ice        16%        N/A       4%          2
 Poisonous Vapours        Pois/Air       16%        N/A       4%          2
 Swiftness                Air            8%         N/A       4%          2
 Fulminant Prism          Conj/Hex       12%        3d9       7%          4
 Confusing Touch          Hex            8%         N/A       9%          3
 Tukima's Dance           Hex            8%         N/A       9%          3
 Lightning Bolt           Conj/Air       12%        1d26      19%         5
 Airstrike                Air            4%         N/A       26%         4
 Freezing Cloud           Conj/Ice/Air   9%         6-21      82%         6


Dungeon Overview and Level Annotations

Branches:
Dungeon (12/15)            Temple (0/1) D:6            Lair (0/6) D:10
    Orc: D:9-12

Altars:
Ashenzari
Elyvilon
Fedhas
Gozag
Hepliaklqana
Qazlal
Sif Muna
Uskayaw
Vehumet
Xom
Yredelemnul
The Shining One

Annotations:
D:10 3 runed translucent doors, rageheart7's ghost, journeyman DsAK


Message History

Press: ? - help, Shift-Dir - straight line, f/p - boulder beetle
Aim: a boulder beetle (heavily wounded, petrified, 0% to evade)
The stone arrow hits the boulder beetle but does no damage.
The boulder beetle is heavily wounded.
Unknown command.
Aiming: Iceblast
Press: ? - help, Shift-Dir - straight line, f/p - boulder beetle
Aim: a boulder beetle (heavily wounded, petrified)
The mass of ice explodes!
The iceblast engulfs the boulder beetle!
The boulder beetle is heavily wounded.
The boulder beetle is no longer petrified.
Okay, then.
The boulder beetle hits you!!!
Ouch! That really hurt!
* * * LOW HITPOINT WARNING * * *
The boulder beetle stops rolling and uncurls.
As you read the scroll of fear, it crumbles to dust.
You assume a fearsome visage.
The boulder beetle looks frightened!
The boulder beetle leaps!
It was a potion of heal wounds.
You feel much better.
The boulder beetle leaps!
Cornered, the boulder beetle turns to fight!
The boulder beetle curls into a ball and begins rolling!
Casting: Stone Arrow (safe; 1% risk of failure)
Confirm with . or Enter, or press ? or * to list all spells.
Aiming: Petrify (dangerous; 1% risk of failure)
Press: ? - help, Shift-Dir - straight line, f/p - boulder beetle
Aim: a boulder beetle (heavily wounded, chance to affect: 51%)
The boulder beetle resists with significant effort.
The boulder beetle hits you!!
* * * LOW HITPOINT WARNING * * *
The boulder beetle stops rolling and uncurls.
Casting: Petrify (dangerous; 1% risk of failure)
Confirm with . or Enter, or press ? or * to list all spells.
Aiming: Petrify (dangerous; 1% risk of failure)
Press: ? - help, Shift-Dir - straight line, f/p - boulder beetle
Aim: a boulder beetle (heavily wounded, chance to affect: 51%)
The boulder beetle is moving more slowly.
The boulder beetle bites you!!
You die...

..........#......................
..........#................... .#
.........)).........[.......##
.h........#...................
..........#.............[...##
########.......#............##
######.......#.##...........
##.........##########.######.
##.......##.#8#B@..#...#
#.........####°###.#...##
#.........#8≈©....©#©©..#
#.........####.###[#....# ##
#.........#.#8#....#....##....
#......O....##########.....#
##........###.............##
#.........# #####.........#
#.........# #.........#


You could see a boulder beetle (petrifying).

Vanquished Creatures
  2 two-headed ogres
  Pikel (D:6)
  Joseph (D:10)
  Maggie (D:7)
  A kobold demonologist (D:9)
  A troll (D:10)
  Prince Ribbit (D:6)
  A wraith (D:8)
  Eustachio (D:5)
  11 yaks (D:9)
  A steam dragon (D:9)
  2 basilisks (D:10)
  3 water moccasins
  An ice beast (D:5)
  An orc warrior (D:9)
  2 necrophages
  A black bear (D:5)
  A sky beast (D:8)
  An ogre (D:5)
  A centaur (D:7)
  A lemure (D:6)
  2 kobold brigands
  4 bullfrogs
  3 scorpions
  A wyvern zombie (D:7)
  A wyvern skeleton (D:7)
  4 wights (D:8)
  6 howler monkeys
  3 centaur zombies
  3 jellies
  A centaur skeleton (D:7)
  An orc priest (D:5)
  2 bullfrog skeletons
  A hound (D:6)
  2 iguanas
  5 orc wizards
  A killer bee zombie (D:8)
  3 gnolls (D:3)
  5 adders
  An ufetubus (D:4)
  2 dart slugs
  15 orcs
  2 endoplasms
  3 giant cockroaches
  7 hobgoblins
  8 jackals
  A quokka (D:1)
  5 ball pythons
  2 bats
  4 frilled lizards
  6 goblins
  17 kobolds
  2 rats
  A spectral hobgoblin (D:5)
160 creatures vanquished.

Vanquished Creatures (others)
  A fungus (D:10)
  2 plants (D:10)
3 creatures vanquished.

Grand Total: 163 creatures vanquished

Notes
Turn   | Place    | Note
-------+----------+-------------------------------------------
     0 | D:1      | sizableburger the Deep Elf Earth Elementalist began the
                  | quest for the Orb.
     0 | D:1      | Reached XP level 1. HP: 10/10 MP: 6/6
   339 | D:1      | Reached XP level 2. HP: 15/15 MP: 2/8
   629 | D:1      | Learned a level 2 spell: Passwall
  1287 | D:2      | Reached XP level 3. HP: 19/19 MP: 9/9
  1464 | D:2      | Found a faded altar of an unknown god.
  1682 | D:2      | Found a stormy altar of Qazlal.
  1776 | D:3      | Learned a level 3 spell: Stone Arrow
  1802 | D:3      | Found a white marble altar of Elyvilon.
  1857 | D:3      | Became a worshipper of Elyvilon the Healer
  1909 | D:3      | Reached skill level 4 in Earth Magic
  1956 | D:3      | Reached XP level 4. HP: 16/24 MP: 10/11
  2116 | D:3      | Found an opulent altar of Gozag.
  2126 | D:3      | Reached skill level 1 in Conjurations
  2267 | D:3      | Found a hide-covered altar of Uskayaw.
  2268 | D:3      | Found a blossoming altar of Fedhas.
  2427 | D:3      | Reached * piety under Elyvilon
  2695 | D:3      | Found a glowing golden altar of the Shining One.
  3138 | D:4      | Reached ** piety under Elyvilon
  3244 | D:4      | Noticed a scorpion
  3252 | D:4      | Killed a scorpion
  3253 | D:4      | Reached skill level 1 in Invocations
  3253 | D:4      | Reached XP level 5. HP: 19/28 MP: 13/13
  3511 | D:4      | Found a broken altar of Ashenzari.
  3571 | D:4      | Noticed a necrophage
  3579 | D:4      | Identified the +4 robe "Eluxorog" {Str+3}
  3582 | D:4      | Killed a necrophage
  3927 | D:4      | Learned a level 2 spell: Searing Ray
  3931 | D:5      | Entered Level 5 of the Dungeon
  3980 | D:5      | Identified the +0 plate armour "Seopsosha" {Rampage rC+}
  4001 | D:5      | Reached XP level 6. HP: 32/32 MP: 15/15
  4112 | D:5      | Found a hazy altar of Hepliaklqana.
  4315 | D:5      | Noticed Eustachio
  4332 | D:5      | Elyvilon protects you from harm!
  4334 | D:5      | Killed Eustachio
  4335 | D:5      | Reached skill level 5 in Dodging
  4335 | D:5      | Reached XP level 7. HP: 15/36 MP: 8/16
  4566 | D:5      | Learned a level 5 spell: Lee's Rapid Deconstruction
  4778 | D:5      | Reached *** piety under Elyvilon
  4809 | D:5      | Reached skill level 5 in Earth Magic
  5145 | D:5      | Found a shimmering blue altar of Sif Muna.
  5149 | D:5      | Reached skill level 1 in Fighting
  5650 | D:5      | Fell from the grace of Elyvilon
  5650 | D:5      | Became a worshipper of Sif Muna the Loreminder
  5791 | D:6      | Noticed Prince Ribbit
  5876 | D:7      | Reached XP level 8. HP: 43/43 MP: 16/17
  6114 | D:6      | Found a staircase to the Ecumenical Temple.
  6295 | D:6      | Noticed Pikel
  6303 | D:6      | Killed Pikel
  6304 | D:6      | Reached skill level 5 in Conjurations
  6304 | D:6      | Reached skill level 6 in Earth Magic
  6529 | D:6      | Reached skill level 5 in Stealth
  6667 | D:6      | Reached skill level 1 in Evocations
  6741 | D:6      | Killed Prince Ribbit
  6742 | D:6      | Reached XP level 9. HP: 51/51 MP: 17/18
  6842 | D:6      | Learned a level 4 spell: Petrify
  6983 | D:7      | You fall into a shaft and drop 3 floors!
  6983 | D:10     | Entered Level 10 of the Dungeon
  6983 | D:10     | Noticed Joseph
  6983 | D:10     | Noticed a troll
  7033 | D:10     | Noticed a two-headed ogre
  7040 | D:10     | You fall into a shaft and drop 2 floors!
  7332 | D:10     | Found a staircase to the Lair.
  7332 | D:10     | Noticed an elephant
  7393 | D:10     | Found a runed translucent gate.
  7393 | D:10     | Found a runed translucent gate.
  7393 | D:10     | Found a runed translucent gate.
  7393 | D:10     | Noticed rageheart7's ghost (journeyman DsAK)
  7645 | D:9      | Identified a scroll of acquirement
  7646 | D:9      | Acquired 1096 gold pieces
  7898 | D:8      | Reached skill level 5 in Spellcasting
  8104 | D:7      | Found a shimmering altar of Xom.
  8123 | D:7      | Noticed Maggie
  8787 | D:7      | Killed Maggie
  8978 | D:7      | Reached * piety under Sif Muna
  9230 | D:8      | Noticed a two-headed ogre
  9236 | D:8      | Killed a two-headed ogre
  9237 | D:8      | Reached skill level 5 in Transmutations
  9237 | D:8      | Reached XP level 10. HP: 56/56 MP: 0/22
  9302 | D:8      | Reached skill level 5 in Evocations
  9468 | D:8      | Learned a level 4 spell: Iskenderun's Mystic Blast
  9706 | D:8      | Identified Lofetep's Beginning Course on Magic
 10057 | D:9      | Reached skill level 1 in Translocations
 10376 | D:9      | Reached skill level 7 in Earth Magic
 10957 | D:9      | Found a radiant altar of Vehumet.
 11050 | D:9      | Found a basalt altar of Yredelemnul.
 11105 | D:10     | Reached skill level 8 in Earth Magic
 11529 | D:10     | Killed a two-headed ogre
 11530 | D:10     | Reached skill level 5 in Translocations
 11530 | D:10     | Reached XP level 11. HP: 51/60 MP: 5/23
 11532 | D:10     | Killed Joseph
 11532 | D:10     | Reached ** piety under Sif Muna
 11721 | D:10     | Found a transporter.
 11724 | D:10     | Found a transporter.
 11726 | D:10     | Noticed a boulder beetle
 12016 | D:10     | Slain by a boulder beetle

Illustrated notes

Levels and vault maps discovered:
D:1:      lemuel_arrival_lava_pool, layout_basic
D:2:      layout_loops_ring, basic_altar,
          shapermc_ecumenical_altar_totnotflames, minmay_goblin_kobold_house
D:3:      layout_rooms, lemuel_coloured_pillars_altar, grunt_gozag_statues,
          nicolae_tso_swordbearing_angel, gammafunk_temple_overflow_pools,
          serial_curves, eino_curves_01, eino_curves_04, eino_curves_01,
          minmay_statues_item, minivault_25
D:4:      layout_cave_pods, nicolae_ashenzari_skybound
D:5:      layout_gridville, kennysheep_orc_sif_temple,
          nicolae_hepliaklqana_monster_ancestors, uniq_eustachio
D:6:      layout_loops_ring, temple_green, uniq_pikel, uniq_prince_ribbit1
D:7:      layout_basic, xom_teletrap_fun, uniq_maggie
D:8:      layout_cave_pools, chequers_serial_rivers_large_b
D:9:      layout_basic, kennysheep_little_box, overflow_temple_1_default
D:10:     gammafunk_boulding_lane, layout_rooms, lightli_temple_of_fire,
          david_lair_generic, erik_orc_1, gammafunk_ghost_spectres, uniq_joseph
D:11:     minmay_the_grid_plus [minmay_the_grid_x, minmay_the_grid_slots,
          minmay_the_grid_outer_diamond, minmay_the_grid_fan,
          minmay_the_grid_prize_shrinking_boxes], layout_basic,
          statue_in_the_mist_lemuel
D:12:     layout_cross, minmay_crystal_room, nicolae_straight_to_the_point

Skill      XL: |  1  2  3  4  5  6  7  8  9 10 |
---------------+-------------------------------+-----
Dodging        | 3 4 5 |  5.5
Earth Magic    | 4 5 6 8 |  8.6
Conjurations   | 1 2 3 4 5 7 |  7.0
Spellcasting   | 4 7 |  7.2
Invocations    | 1 2 3 4 |  4.1
Transmutations | 2 3 5 6 |  6.1
Fighting       | 1 3 |  3.3
Stealth        | 3 5 6 |  6.0
Evocations     | 2 4 7 |  7.5
Translocations | 5 |  5.4
Short Blades   | |  0.3

Action                   |  1- 3 |  4- 6 |  7- 9 | 10-12 || total
-------------------------+-------+-------+-------+-------++-------
Melee: Unarmed           |     9 |       |       |       ||     9
       Dagger            |     3 |   103 |    44 |    28 ||   178
 Cast: Sandblast         |    47 |    11 |    12 |     8 ||    78
       Stone Arrow       |     2 |    12 |    95 |    62 ||   171
       Searing Ray       |       |     3 |       |     1 ||     4
       Passwall          |       |       |     4 |       ||     4
       Lee's Rapid Decon |       |       |     7 |    20 ||    27
       Petrify           |       |       |     4 |    16 ||    20
Invok: Lesser Healing    |       |     2 |       |       ||     2
       Heal Other        |       |     1 |       |       ||     1
       Channel Magic     |       |       |       |     3 ||     3
Evoke: Wand              |       |       |       |     1 ||     1
  Use: Scroll            |       |       |    13 |    13 ||    26
       Potion            |       |       |       |     1 ||     1
 Stab: Sleeping          |     1 |     3 |       |       ||     4
       Petrified         |       |       |     4 |     6 ||    10
       Petrifying        |       |       |       |     1 ||     1
Armor: Robe              |     5 |    31 |    21 |       ||    57
       Steam dragon scal |       |       |     2 |    19 ||    21
Dodge: Dodged            |    11 |    75 |    65 |    32 ||   183
Block: Other             |       |    24 |    22 |     9 ||    55
       Reflection        |       |       |       |     1 ||     1

Table legend: (Time is in decaauts)
 A = Elapsed time spent in this place.
 B = Non-inter-level travel time spent in this place.
 C = Inter-level travel time spent in this place.
 D = Time resting spent in this place.
 E = Time spent auto-exploring this place.
 F = Levels seen in this place.
 G = Mean time per level.
                   A        B        C        D        E       F      G
               +--------+--------+--------+--------+--------+-----+--------+
         Total |  12067 |  11416 |    651 |   3402 |   6207 |  12 | 1005.6 |
       Dungeon |  12067 |  11416 |    651 |   3402 |   6207 |  12 | 1005.6 |
               +--------+--------+--------+--------+--------+-----+--------+

Top non-repeatable levels by time:
     D:9: 1662 daAuts
     D:5: 1588 daAuts
     D:6: 1363 daAuts
     D:7: 1358 daAuts
     D:4: 1209 daAuts
     D:8: 1069 daAuts
     D:1: 988 daAuts
     D:3: 960 daAuts
    D:10: 778 daAuts
     D:2: 770 daAuts
    D:12: 245 daAuts
    D:11: 71 daAuts
